[Event "Titled Tuesday Blitz November 22 Early 2022"]
[White "Stankovic, Ivan G"]
[Black "Viskelis, Darius"]
[WhiteFideId "902837"]
[BlackFideId "12800830"]
[WhiteElo "2226"]
[BlackElo "2025"]
[Result "1-0"]
[Round "06"]
[TimeControl "180+1"]
[Date "2022.11.23"]
[WhiteClock "0:01:32"]
[BlackClock "0:00:06"]

1. e4 c5 2. c4 Nc6 3. Nc3 g6 4. g3 Bg7 5. Bg2 Nd4 6. d3 e6 7. Nge2 Ne7 8. Rb1 Nec6 9. a3 a5 10. O-O O-O 11. Be3 d6 12. Nb5 Nxb5 13. cxb5 Nd4 14. Nxd4 Bxd4 15. Bxd4 cxd4 16. a4 e5 17. Qb3 Be6 18. Qa3 Qd7 19. b4 Rfc8 20. Rbc1 axb4 21. Qxb4 b6 22. f4 f6 23. f5 Bf7 24. fxg6 hxg6 25. Rxc8+ Rxc8 26. Rxf6 Rc5 27. h4 Kg7 28. Rf2 Qg4 29. Kh2 Qd1 30. a5 Qxd3 31. a6 Qxb5 32. Qa3 Qa5 33. Qf3 Rc7 34. Qf6+ Kh7 35. Qxd6 Ra7 36. Qf8 1-0


[Site "https://www.chess.com"]

[Event "Titled Tuesday Blitz November 22 Early 2022"]
[White "Stefanova, Antoaneta"]
[Black "Gonzalez Vega, Alejandro"]
[WhiteFideId "2902257"]
[BlackFideId "3510042"]
[WhiteElo "2426"]
[BlackElo "2278"]
[Result "1-0"]
[Round "06"]
[TimeControl "180+1"]
[Date "2022.11.23"]
[WhiteClock "0:00:10"]
[BlackClock "0:00:02"]

1. e4 c5 2. Nf3 a6 3. g3 b5 4. Bg2 Bb7 5. Qe2 d6 6. O-O e5 7. c3 Nf6 8. d3 Be7 9. Nbd2 O-O 10. d4 Qc7 11. d5 h6 12. Nh4 Re8 13. Nf5 Bf8 14. Nf3 Nbd7 15. h3 c4 16. g4 Nc5 17. Ne1 Bc8 18. f3 Nh7 19. Be3 Rb8 20. Kh1 g5 21. h4 Bxf5 22. gxf5 f6 23. Rg1 Re7 24. Bh3 Rg7 25. Bg4 Be7 26. Qh2 Nf8 27. Nc2 a5 28. a3 Nd3 29. Rab1 Bd8 30. Kg2 Qf7 31. hxg5 hxg5 32. Rh1 Rh7 33. Qg3 Rb7 34. Rxh7 Nxh7 35. b4 a4 36. Rh1 Qg7 37. Bh5 Nf4+ 38. Bxf4 gxf4 39. Qxg7+ Rxg7+ 40. Kf1 Ng5 41. Ne1 Bb6 42. Be8 Be3 43. Bxb5 Bd2 44. Bxc4 Bxc3 45. Bb5 Bb2 46. Bxa4 Bxa3 47. b5 Bc5 48. Bd1 Ra7 49. Be2 Ra1 50. Kg2 Rb1 51. Nc2 Rb2 52. Bd3 Kg7 53. Rd1 Nf7 54. Kf1 Nd8 55. Ra1 Kh6 56. Ke2 Nf7 57. Kd2 Ng5 58. Be2 Kg7 59. Ra8 Kh6 60. Rc8 1-0


[Site "https://www.chess.com"]

[Event "Titled Tuesday Blitz November 22 Early 2022"]
[White "Storey, Charles H"]
[Black "Mrudul Dehankar"]
[WhiteFideId "406686"]
[BlackFideId "25096990"]
[WhiteElo "2252"]
[BlackElo "2068"]
[Result "0-1"]
[Round "06"]
[TimeControl "180+1"]
[Date "2022.11.23"]
[WhiteClock "0:00:15"]
[BlackClock "0:00:39"]

1. c4 e5 2. g3 Nf6 3. Bg2 d5 4. cxd5 Nxd5 5. Nc3 Nb6 6. Nf3 Nc6 7. Rb1 a5 8. O-O Be7 9. a3 a4 10. d3 Be6 11. Be3 Bb3 12. Qc1 O-O 13. Nd2 Be6 14. Bxc6 bxc6 15. Nde4 f5 16. Nc5 Bf7 17. f4 exf4 18. gxf4 Nd5 19. Bf2 Nxc3 20. Qxc3 Bf6 21. Qc2 Re8 22. e4 Bd4 23. exf5 Bxc5 24. Bxc5 Bd5 25. Bf2 Qf6 26. Rbe1 Qxf5 27. Rxe8+ Rxe8 28. Qd2 Qg4+ 29. Bg3 Re2 30. Qa5 Rg2+ 31. Kh1 Rxg3+ 0-1


[Site "https://www.chess.com"]

[Event "Titled Tuesday Blitz November 22 Early 2022"]
[White "Stribuk, Artiom"]
[Black "Sarana, Alexey"]
[WhiteFideId "13515659"]
[BlackFideId "24133795"]
[WhiteElo "2371"]
[BlackElo "2708"]
[Result "0-1"]
[Round "06"]
[TimeControl "180+1"]
[Date "2022.11.22"]
[WhiteClock "0:00:06"]
[BlackClock "0:01:08"]

1. Nf3 d5 2. g3 g6 3. Bg2 Bg7 4. d4 c6 5. O-O Nf6 6. b3 O-O 7. Bb2 Ne4 8. Nbd2 Nxd2 9. Qxd2 Nd7 10. c4 Nf6 11. e3 Qb6 12. Rfc1 Bf5 13. Ba3 Ne4 14. Qe2 Qa5 15. Bxe7 Rfe8 16. Bh4 h6 17. h3 g5 18. g4 Bg6 19. Bg3 Nxg3 20. fxg3 Rad8 21. cxd5 Rxd5 22. Qf2 Rd6 23. Rc5 Qa3 24. Ne5 Bxe5 25. Rxe5 Rxe5 26. dxe5 Re6 27. Rd1 Qe7 28. Qd2 Rxe5 29. Qd8+ Kg7 30. Qxe7 Rxe7 31. Kf2 Kf6 32. h4 Ke6 33. Bf1 Rd7 34. Bc4+ Ke7 35. Rxd7+ Kxd7 36. h5 Bb1 37. b4 f6 38. a3 Kd6 39. Ke2 Be4 40. Kd2 Bf3 41. Be2 Bxe2 42. Kxe2 c5 43. Kd3 cxb4 44. axb4 a6 45. Ke4 b6 46. Kf5 Ke7 47. Kg6 a5 48. bxa5 bxa5 49. Kxh6 Kf7 50. e4 a4 51. e5 a3 52. e6+ Kxe6 53. Kg7 a2 54. h6 a1=Q 55. h7 f5+ 56. Kg8 f4 57. gxf4 gxf4 58. g5 Kf5 0-1


[Site "https://www.chess.com"]

[Event "Titled Tuesday Blitz November 22 Early 2022"]
[White "Svane, Rasmus"]
[Black "Tang, Andrew"]
[WhiteFideId "4657101"]
[BlackFideId "2059630"]
[WhiteElo "2674"]
[BlackElo "2581"]
[Result "1-0"]
[Round "06"]
[TimeControl "180+1"]
[Date "2022.11.22"]
[WhiteClock "0:00:09"]
[BlackClock "0:00:02"]

1. Nf3 d5 2. g3 Bg4 3. Bg2 Nd7 4. h3 Bh5 5. d4 e6 6. c4 c6 7. cxd5 exd5 8. Nc3 Bd6 9. Nh4 Ne7 10. g4 Bg6 11. f4 h5 12. e3 f5 13. g5 Bf7 14. Bd2 g6 15. Nf3 Nc8 16. O-O Be7 17. Ne2 Nd6 18. Bb4 Nb6 19. b3 Nbc8 20. Nc1 a5 21. Bc5 O-O 22. Nd3 Re8 23. Nde5 Bf8 24. Qc2 Bg7 25. Rae1 Ne4 26. Ba3 Qc7 27. Bb2 Kh7 28. a4 Ncd6 29. Nh4 Qd8 30. Qd1 Re6 31. Bf3 Be8 32. Kh2 Qb6 33. Re2 Rc8 34. Rg2 Rc7 35. Ba3 Nc3 36. Qc2 Nce4 37. Bc5 Qa6 38. Rfg1 b6 39. Bxd6 Rxd6 40. Bxh5 gxh5 41. Nxf5 Re6 42. Nxg7 Kxg7 43. f5 Rd6 44. f6+ Kg8 45. Qd1 Qc8 46. f7+ Bxf7 47. g6 Be8 48. Qxh5 Rf6 49. Ng4 Qe6 50. Qh4 Rg7 51. Nh6+ Kf8 52. Ng4 Rfxg6 53. Rf1+ Bf7 54. Qd8+ Qe8 55. Qxb6 Kg8 56. Rfg1 Kh7 57. Qc7 Be6 58. Qe5 Qd7 59. Qh5+ Kg8 60. Nh6+ Rxh6 61. Rxg7+ Qxg7 62. Qxh6 1-0


[Site "https://www.chess.com"]

[Event "Titled Tuesday Blitz November 22 Early 2022"]
[White "Thorhallsson, Simon"]
[Black "Gabdrakhmanov, Azat"]
[WhiteFideId "2310090"]
[BlackFideId "34189197"]
[WhiteElo "2109"]
[BlackElo "2254"]
[Result "0-1"]
[Round "06"]
[TimeControl "180+1"]
[Date "2022.11.23"]
[WhiteClock "0:00:17"]
[BlackClock "0:01:13"]

1. Nf3 c5 2. g3 Nf6 3. Bg2 e6 4. O-O Be7 5. b3 O-O 6. Bb2 d6 7. d3 Nc6 8. Nbd2 Bd7 9. e4 e5 10. Nc4 Re8 11. Ne3 Bf8 12. Nd2 Rc8 13. f4 exf4 14. gxf4 Nd4 15. Nf3 Ng4 16. Nd5 Nxf3+ 17. Bxf3 Qh4 18. Qe2 Be6 19. Ne3 Nxe3 20. Qxe3 d5 21. Kh1 d4 22. Qd2 Bh3 23. Rg1 g6 24. Bg2 Bh6 25. Bxh3 Qxh3 26. Raf1 f5 27. exf5 Qxf5 28. Bc1 Rc7 29. Re1 Rce7 30. Rxe7 Rxe7 31. Re1 Qd5+ 32. Kg1 Bxf4 33. Qf2 Rxe1+ 34. Qxe1 Qg5+ 35. Kh1 Bxc1 36. Qe6+ Kg7 37. Qd7+ Kh6 38. Qh3+ Qh5 0-1


[Site "https://www.chess.com"]

[Event "Titled Tuesday Blitz November 22 Early 2022"]
[White "Timofeev, Artyom"]
[Black "Stijve, Theo"]
[WhiteFideId "4140419"]
[BlackFideId "1331132"]
[WhiteElo "2586"]
[BlackElo "2256"]
[Result "1-0"]
[Round "06"]
[TimeControl "180+1"]
[Date "2022.11.22"]
[WhiteClock "0:00:51"]
[BlackClock "0:00:09"]

1. d4 Nf6 2. Bf4 d5 3. Nc3 a6 4. e3 c5 5. dxc5 Nc6 6. Nf3 e6 7. Na4 Bxc5 8. Nxc5 Qa5+ 9. c3 Qxc5 10. Be2 O-O 11. O-O b5 12. h3 Bb7 13. a4 Ne4 14. axb5 axb5 15. Qb3 Ba6 16. Rfc1 f6 17. Nd4 e5 18. Nxc6 Qxc6 19. Bh2 Nd2 20. Qd1 Nc4 21. b3 Nb6 22. Qd2 Rfd8 23. f4 e4 24. f5 Nd7 25. b4 Nb6 26. Qd4 Nc4 27. Bf4 Bb7 28. Kh2 Kf7 29. Rf1 Rxa1 30. Rxa1 Ra8 31. Rd1 Ra2 32. Bxc4 Qxc4 33. Qxc4 bxc4 34. Rc1 Bc6 35. Bd6 g6 36. fxg6+ hxg6 37. Bc5 Ke6 38. Bd4 f5 39. h4 Ba4 40. Kg3 Bb3 41. b5 Ra8 42. b6 Kd6 43. Kf4 Kc6 44. Kg5 Rg8 45. Ra1 Rf8 46. g3 Rg8 47. Ra7 Bc2 48. Rc7+ Kd6 49. Rf7 Kc6 50. Rf6+ Kb7 51. Rxg6 Rxg6+ 52. Kxg6 f4 53. gxf4 1-0


[Site "https://www.chess.com"]

[Event "Titled Tuesday Blitz November 22 Early 2022"]
[White "Tuleyeva-Aketayeva, Dana"]
[Black "Roque Sola, Gisela"]
[WhiteFideId "13701932"]
[BlackFideId "5120241"]
[WhiteElo "2030"]
[BlackElo "1961"]
[Result "1-0"]
[Round "06"]
[TimeControl "180+1"]
[Date "2022.11.23"]
[WhiteClock "0:00:11"]
[BlackClock "0:00:16"]

1. Nf3 Nf6 2. g3 g6 3. Bg2 Bg7 4. O-O O-O 5. d4 c5 6. c3 d5 7. Nbd2 Nc6 8. dxc5 Ne4 9. Nxe4 dxe4 10. Qxd8 Rxd8 11. Nd4 Bxd4 12. cxd4 Nxd4 13. Bxe4 Nxe2+ 14. Kg2 e5 15. Bg5 Re8 16. c6 Rb8 17. Be3 bxc6 18. Bxc6 Re6 19. Bd5 Rd6 20. Bf3 Nd4 21. Bxd4 exd4 22. b3 Ba6 23. Rfd1 d3 24. Rd2 Rc8 25. Rad1 f5 26. g4 Kg7 27. gxf5 gxf5 28. Kg3 Kf6 29. Kf4 Re8 30. h4 Rd4+ 31. Kg3 Rg8+ 32. Kh3 f4 33. a3 Bc8+ 34. Kh2 Bf5 35. b4 Rc4 36. Bd5 Rc2 37. Bxg8 1-0


[Site "https://www.chess.com"]

[Event "Titled Tuesday Blitz November 22 Early 2022"]
[White "Urazayev, Arystanbek"]
[Black "Fedoseev, Vladimir"]
[WhiteFideId "13709810"]
[BlackFideId "24130737"]
[WhiteElo "2441"]
[BlackElo "2726"]
[Result "1-0"]
[Round "06"]
[TimeControl "180+1"]
[Date "2022.11.22"]
[WhiteClock "0:00:15"]
[BlackClock "0:00:01"]

1. d4 d5 2. c4 c6 3. cxd5 cxd5 4. Bg5 Nc6 5. Nc3 Nf6 6. Bxf6 gxf6 7. e3 a6 8. g3 Bf5 9. Bg2 e6 10. a3 Bd6 11. Nf3 Bg4 12. h3 Bxf3 13. Bxf3 f5 14. Rc1 Rc8 15. b4 Kf8 16. Kf1 a5 17. b5 Bxa3 18. bxc6 Rxc6 19. Ne2 Bxc1 20. Nxc1 a4 21. Kg2 Qa5 22. Nd3 Ke7 23. g4 fxg4 24. hxg4 a3 25. Ne5 Rc7 26. Qd3 Qc3 27. Qb5 a2 28. Qa4 Qb2 29. Nd3 Qc3 30. Nf4 Qb2 31. Bxd5 Rc2 32. Bxa2 Rxf2+ 33. Kg3 h5 34. Bxe6 h4+ 35. Rxh4 fxe6 36. Rxh8 Rf1 37. Rh7+ Kf6 38. Nh5+ Kg6 39. Rg7+ Kh6 40. g5+ Kxh5 41. Qe8+ 1-0


[Site "https://www.chess.com"]

[Event "Titled Tuesday Blitz November 22 Early 2022"]
[White "Vaibhav Jayant Raut"]
[Black "Kim, Sergey"]
[WhiteFideId "5089034"]
[BlackFideId "13700570"]
[WhiteElo "2147"]
[BlackElo "2613"]
[Result "0-1"]
[Round "06"]
[TimeControl "180+1"]
[Date "2022.11.23"]
[WhiteClock "0:00:20"]
[BlackClock "0:00:44"]

1. d4 Nf6 2. Bf4 g6 3. e3 d6 4. Nd2 Bg7 5. h3 O-O 6. Ngf3 Nbd7 7. c3 b6 8. Be2 Bb7 9. O-O Ne4 10. Nxe4 Bxe4 11. Nd2 Bb7 12. Bf3 Qc8 13. a4 a5 14. Bg3 e5 15. Bxb7 Qxb7 16. Qf3 Qxf3 17. Nxf3 f6 18. Rfd1 Rfd8 19. Nd2 Kf7 20. Nb1 Ke7 21. Na3 g5 22. Nb5 Rdc8 23. dxe5 fxe5 24. e4 Nc5 25. f3 Ne6 26. Na3 h5 27. Nc4 Rg8 28. Ne3 Bf6 29. Nd5+ Kf7 30. Kf2 h4 31. Bh2 Bd8 32. Ne3 Rf8 33. Rd2 Be7 34. Rad1 Ke8 35. Nf5 Nc5 36. Ne3 Nxa4 37. Nd5 Bd8 38. b4 c6 39. Ra1 b5 40. Ne3 Nxc3 41. Nf5 Bc7 42. bxa5 Ra6 43. Kf1 Rf6 44. Bg1 Kd7 45. Bc5 Na4 46. Bb4 c5 47. Ba3 Bxa5 48. Rd5 Bc3 49. Rad1 Bd4 50. Nxd4 exd4 51. Rxg5 Nc3 52. Ra1 b4 53. Bb2 Rxa1+ 54. Bxa1 Kc6 55. Ke1 Kb5 56. Kd2 Kc4 57. Rg8 Rf7 58. Ra8 Rg7 59. Bxc3 dxc3+ 60. Ke1 Rxg2 61. Rg8 Rxg8 0-1


[Site "https://www.chess.com"]

[Event "Titled Tuesday Blitz November 22 Early 2022"]
[White "Vaishali, Rameshbabu"]
[Black "Omariev, Maksim"]
[WhiteFideId "5091756"]
[BlackFideId "4193423"]
[WhiteElo "2351"]
[BlackElo "2443"]
[Result "1-0"]
[Round "06"]
[TimeControl "180+1"]
[Date "2022.11.23"]
[WhiteClock "0:00:38"]
[BlackClock "0:00:02"]

1. d4 h5 2. e4 h4 3. Nc3 c6 4. h3 d6 5. Nf3 e6 6. a4 b6 7. Bd3 Bb7 8. O-O Nd7 9. Re1 a6 10. d5 cxd5 11. exd5 e5 12. Bg5 Be7 13. Ne4 Nc5 14. Bxe7 Nxe7 15. Nxc5 bxc5 16. c4 Rb8 17. Qd2 Bc8 18. a5 f6 19. Rab1 Rb4 20. Ra1 g5 21. Bc2 Bd7 22. b3 Kf7 23. Re2 Nf5 24. Rf1 Kg7 25. Nh2 Nd4 26. Re3 Qxa5 27. Nf3 Qd8 28. Bd1 Nxf3+ 29. Rxf3 a5 30. Qc3 Re8 31. Bc2 Rf8 32. g4 Qc8 33. Qd3 e4 34. Qxe4 f5 35. Qe7+ Rf7 36. Qxg5+ Kf8 37. Qh6+ Ke8 38. Qh8+ Ke7 39. Re1+ 1-0


[Site "https://www.chess.com"]

[Event "Titled Tuesday Blitz November 22 Early 2022"]
[White "Vakhlamov, Igor L."]
[Black "Chigaev, Maksim"]
[WhiteFideId "24126748"]
[BlackFideId "4108116"]
[WhiteElo "2401"]
[BlackElo "2541"]
[Result "0-1"]
[Round "06"]
[TimeControl "180+1"]
[Date "2022.11.22"]
[WhiteClock "0:00:03"]
[BlackClock "0:00:08"]

1. e4 c5 2. Nf3 e6 3. Nc3 Nc6 4. Bb5 Nd4 5. Bd3 a6 6. O-O Nc6 7. e5 f5 8. Re1 Nh6 9. Bf1 Nf7 10. d4 cxd4 11. Nxd4 Be7 12. Nxc6 bxc6 13. Bf4 O-O 14. Qd3 Rb8 15. b3 Rb4 16. Bd2 c5 17. Na4 Rh4 18. g3 Rd4 19. Qc3 Bb7 20. Be3 f4 21. Bxd4 cxd4 22. Qxd4 Ng5 23. Bg2 Bxg2 24. Kxg2 Qa8+ 25. Kf1 Nf3 26. Qxd7 Nxh2+ 27. Kg1 Nf3+ 28. Kf1 fxg3 29. Qxe7 Nxe1 30. Kxe1 Qe4+ 31. Kd2 Qd4+ 32. Kc1 Qxa1+ 33. Kd2 Qd4+ 34. Kc1 gxf2 35. Qxe6+ Kh8 36. Qd6 f1=Q# 0-1


[Site "https://www.chess.com"]

[Event "Titled Tuesday Blitz November 22 Early 2022"]
[White "Valle Maytin, Luis Enrique"]
[Black "Lauridsen, Jesper Morch"]
[WhiteFideId "3503666"]
[BlackFideId "1401890"]
[WhiteElo "2225"]
[BlackElo "2244"]
[Result "1-0"]
[Round "06"]
[TimeControl "180+1"]
[Date "2022.11.23"]
[WhiteClock "0:00:11"]
[BlackClock "0:00:06"]

1. e4 e5 2. Nf3 Nf6 3. Nxe5 d6 4. Nd3 Nxe4 5. Qe2 Qe7 6. Nf4 c6 7. d4 d5 8. h4 Nd6 9. Be3 Nf5 10. Nd2 Na6 11. O-O-O Nxe3 12. Qxe3 Qxe3 13. fxe3 Bd6 14. Bd3 Bg4 15. Rde1 O-O-O 16. c3 Nc7 17. Nb3 Rde8 18. Kd2 Re7 19. Nc1 h6 20. Be2 Bf5 21. Bd3 Bg4 22. Rhf1 Rhe8 23. a4 a5 24. Bc2 g6 25. Ncd3 Bf5 26. g3 Be4 27. Re2 f6 28. Ne1 Bxc2 29. Nxc2 Bxf4 30. Rxf4 f5 31. Ne1 Ne6 32. Rff2 Ng7 33. Nd3 Nh5 34. Rg2 Nf6 35. Ne5 Ne4+ 36. Kd3 Re6 37. g4 fxg4 38. Rxg4 g5 39. hxg5 hxg5 40. Nf7 Kc7 41. Nxg5 Rg6 42. Nxe4 dxe4+ 43. Rxe4 Rxe4 44. Kxe4 b6 45. Kd3 b5 46. b3 b4 47. cxb4 axb4 48. Kc4 Rg1 49. Kxb4 Rc1 50. e4 Kb6 51. Rd2 Ka6 52. d5 c5+ 53. Ka3 c4 54. bxc4 Rxc4 55. e5 Rc3+ 56. Kb4 Rf3 57. e6 Rf4+ 58. Kc5 Rxa4 59. e7 Re4 60. d6 Kb7 61. Rb2+ Kc8 62. Kc6 Rxe7 63. Rb8+ Kxb8 64. dxe7 Ka7 65. e8=Q Ka6 66. Qa8# 1-0


[Site "https://www.chess.com"]

[Event "Titled Tuesday Blitz November 22 Early 2022"]
[White "Vifleemskaia, Svetlana"]
[Black "Kriti Mayur Patel"]
[WhiteFideId "4129490"]
[BlackFideId "35061780"]
[WhiteElo "1929"]
[BlackElo "1306"]
[Result "1-0"]
[Round "06"]
[TimeControl "180+1"]
[Date "2022.11.23"]
[WhiteClock "0:00:08"]
[BlackClock "0:00:15"]

1. d4 d5 2. c4 e6 3. Nc3 Nf6 4. cxd5 exd5 5. Bg5 Be7 6. e3 O-O 7. Bd3 c6 8. Nge2 Re8 9. O-O Nbd7 10. f3 Nf8 11. Bh4 Ng6 12. Bf2 Be6 13. Kh1 Bd6 14. Bg1 Bc7 15. e4 dxe4 16. fxe4 Ng4 17. e5 Qh4 18. Qe1 Qh6 19. Qg3 Rad8 20. Nf4 N6xe5 21. dxe5 Bxe5 22. Be2 Nf6 23. Be3 g5 24. h4 Kh8 25. Qxg5 Qxg5 26. hxg5 Ng4 27. Nxe6 Rxe6 28. Bxg4 Rg6 29. Rxf7 Rdg8 30. Bf5 R6g7 31. Rxg7 Rxg7 32. g4 Re7 33. Ne4 Bxb2 34. Rb1 Be5 35. Kg2 Kg7 36. Kf3 Bb8 37. Bd4+ Kf7 38. Rh1 Kg8 39. g6 hxg6 40. Bxg6 Be5 41. Bxe5 Rxe5 42. Kf4 Ra5 43. Rh2 Ra3 44. Bf5 Kg7 45. g5 Rd3 46. Rh7+ Kf8 47. Rxb7 Rd1 48. g6 Rf1+ 49. Ke5 c5 50. Kf6 a5 51. Rb8# 1-0


[Site "https://www.chess.com"]

[Event "Titled Tuesday Blitz November 22 Early 2022"]
[White "Wagner, Dennis"]
[Black "Vagman, Roy"]
[WhiteFideId "24650684"]
[BlackFideId "2828995"]
[WhiteElo "2470"]
[BlackElo "2174"]
[Result "1-0"]
[Round "06"]
[TimeControl "180+1"]
[Date "2022.11.23"]
[WhiteClock "0:00:07"]
[BlackClock "0:00:01"]

1. d4 Nf6 2. Nf3 d5 3. c4 dxc4 4. e3 e6 5. Bxc4 c5 6. O-O Nc6 7. a3 cxd4 8. exd4 Be7 9. Nc3 O-O 10. Re1 b6 11. Bg5 Bb7 12. Ba2 Rc8 13. Qd2 Na5 14. Ne5 Nd5 15. Bxe7 Nxe7 16. Rad1 Nd5 17. Qd3 Nf4 18. Qg3 Nxg2 19. Re2 Nh4 20. Ne4 Nf5 21. Qg4 h6 22. d5 Kh8 23. Red2 Qc7 24. d6 Qd8 25. Nxf7+ Rxf7 26. Bxe6 Qf8 27. d7 Rd8 28. Bxf7 Qxf7 29. Nd6 Nxd6 30. Rxd6 Nc4 31. Qh4 Qf3 32. Qxd8+ Kh7 33. Qg8+ Kxg8 34. d8=Q+ Kh7 35. R6d5 Bxd5 36. Qxd5 Qg4+ 37. Kh1 b5 38. Rg1 Qh4 39. Qg2 Qf6 40. Qe4+ g6 41. Qb7+ Kh8 42. Re1 Ne5 43. Qe4 Nf7 44. Qe3 Kg7 45. Qe4 Qc6 46. Kg1 Qf6 47. Qe3 Qxb2 48. Qe4 Qxa3 49. Qd4+ Kh7 50. Re8 Qc1+ 51. Kg2 Qg5+ 52. Kf1 Qc1+ 53. Re1 Qc6 54. Qf4 Qh1+ 55. Ke2 Qd5 56. Qe3 Qc4+ 57. Kf3 Ng5+ 58. Kg2 Qg4+ 59. Kf1 Qc4+ 60. Qe2 Qxe2+ 61. Kxe2 Kg7 62. Ra1 Kf6 63. Rxa7 Ne4 64. Rb7 Ke6 65. Ke3 Nd6 66. Rb6 Kd5 67. Kd3 g5 68. f3 h5 69. h3 Kc5 70. Rb8 Kd5 71. Rg8 g4 72. fxg4 hxg4 73. Rxg4 Ke5 74. Rg5+ Kf4 75. Rd5 Nf7 76. h4 Ne5+ 77. Ke2 Ng4 78. Rxb5 Kg3 79. h5 Kf4 80. Kd3 Nf6 81. h6 Kg4 82. Ke3 Nh7 83. Rb7 Nf6 84. h7 1-0


[Site "https://www.chess.com"]

[Event "Titled Tuesday Blitz November 22 Early 2022"]
[White "Winterberg, Lukas"]
[Black "Tanenbaum, Zachary"]
[WhiteFideId "24622702"]
[BlackFideId "2060850"]
[WhiteElo "2349"]
[BlackElo "2175"]
[Result "0-1"]
[Round "06"]
[TimeControl "180+1"]
[Date "2022.11.23"]
[WhiteClock "0:00:14"]
[BlackClock "0:00:11"]

1. Nf3 d5 2. b3 c5 3. Bb2 f6 4. g3 e5 5. Bg2 e4 6. Ng1 Nc6 7. d3 f5 8. c4 d4 9. dxe4 Nf6 10. exf5 Bxf5 11. Nf3 Nb4 12. O-O Nc2 13. Nh4 Qd7 14. Nxf5 Qxf5 15. e4 dxe3 16. fxe3 Qg6 17. Bxb7 Rd8 18. Bc6+ Ke7 19. Qf3 Nxa1 20. Bxa1 h5 21. Nc3 h4 22. Ne4 hxg3 23. Nxf6 Rxh2 24. Ng4 g2 25. Nxh2 gxf1=Q+ 26. Kxf1 Qb1+ 27. Kg2 Rd2+ 28. Kh3 Qh7+ 29. Kg4 Qg6+ 30. Kf4 Rxh2 31. Qe4+ Qxe4+ 32. Kxe4 Rxa2 33. Be5 Ra3 34. Ba4 Ke6 35. Bf4 Bd6 36. Bg5 Ra1 37. Bd8 Rg1 38. Ba5 g5 39. Kf3 g4+ 40. Kf2 Rb1 41. Bd8 Rb2+ 42. Kf1 g3 43. Bh4 g2+ 44. Kg1 Kf5 45. Bf2 Kg4 46. Kxg2 Bg3 47. Bd7+ Kh4 48. Kf3 Rxf2+ 49. Ke4 Rb2 50. Ba4 Bf2 51. Kf3 Bg1 52. e4 Kg5 53. Kg3 Kf6 54. Kf4 Bh2+ 55. Kg4 Ke5 56. Kh3 Bg1 57. Kg4 Be3 58. Kh5 Bd4 59. Kg6 Kxe4 60. Kf7 Kd3 61. Ke7 Kc3 62. Kd6 Rxb3 63. Bb5 Rb4 64. Kc6 a5 65. Kb6 a4 66. Ka5 a3 67. Bd7 a2 68. Bf5 a1=Q# 0-1


[Site "https://www.chess.com"]

[Event "Titled Tuesday Blitz November 22 Early 2022"]
[White "Xu, Yi"]
[Black "Xiong, Jeffery"]
[WhiteFideId "8605564"]
[BlackFideId "2047640"]
[WhiteElo "2471"]
[BlackElo "2725"]
[Result "0-1"]
[Round "06"]
[TimeControl "180+1"]
[Date "2022.11.22"]
[WhiteClock "0:00:15"]
[BlackClock "0:01:22"]

1. e4 c6 2. d4 d5 3. e5 Bf5 4. h4 h5 5. Bd3 Bxd3 6. Qxd3 Qa5+ 7. Nd2 e6 8. Ne2 Ne7 9. O-O Nf5 10. Nf3 Qa6 11. Qd1 c5 12. Bg5 cxd4 13. Nexd4 Nxd4 14. Nxd4 Nc6 15. Nxc6 bxc6 16. f4 Rb8 17. f5 Bc5+ 18. Kh1 exf5 19. Rxf5 Rxb2 20. Qf3 Qb7 21. Rf1 Rb1 22. Kh2 Rxf1 23. Qxf1 O-O 24. Qf3 Qb1 25. Bf6 Qg1+ 26. Kg3 gxf6 27. Rxh5 Qe3 0-1


[Site "https://www.chess.com"]

[Event "Titled Tuesday Blitz November 22 Early 2022"]
[White "Yuan, Qingyu"]
[Black "Winkels, Marcel"]
[WhiteFideId "8609772"]
[BlackFideId "1003887"]
[WhiteElo "2359"]
[BlackElo "1900"]
[Result "1-0"]
[Round "06"]
[TimeControl "180+1"]
[Date "2022.11.23"]
[WhiteClock "0:01:34"]
[BlackClock "0:00:53"]

1. e4 c5 2. Nf3 d6 3. d4 cxd4 4. Nxd4 Nf6 5. Nc3 a6 6. Rg1 h5 7. Bg5 e6 8. Qd2 Be7 9. f4 Nbd7 10. Be2 Qc7 11. O-O-O b5 12. a3 Bb7 13. Bf3 O-O-O 14. Kb1 Kb8 15. g3 Ka8 16. Rge1 g6 17. Re3 e5 18. Nb3 Nb6 19. Na5 Nc4 20. Nxc4 bxc4 21. Bxf6 Bxf6 22. Nd5 Bxd5 23. Qxd5+ Ka7 24. Rc3 exf4 25. Rxc4 Qb7 26. Qxb7+ Kxb7 27. e5+ d5 28. Rxd5 fxg3 29. Rxd8+ 1-0


[Site "https://www.chess.com"]

[Event "Titled Tuesday Blitz November 22 Early 2022"]
[White "Yurasova, Daria"]
[Black "Goltsev, Dmitry"]
[WhiteFideId "34146919"]
[BlackFideId "24176710"]
[WhiteElo "2097"]
[BlackElo "2289"]
[Result "0-1"]
[Round "06"]
[TimeControl "180+1"]
[Date "2022.11.23"]
[WhiteClock "0:00:13"]
[BlackClock "0:00:14"]

1. d4 Nf6 2. Bg5 e6 3. e4 h6 4. Bxf6 Qxf6 5. c3 d5 6. e5 Qd8 7. Nd2 c5 8. Bd3 Nc6 9. Ne2 cxd4 10. cxd4 Qb6 11. O-O Nxd4 12. Nxd4 Qxd4 13. Bb5+ Bd7 14. Bxd7+ Kxd7 15. Qf3 Qxd2 16. Qxf7+ Be7 17. Rfd1 Qc2 18. Rac1 Qa4 19. b3 Qb4 20. f4 Rhf8 21. Rxd5+ exd5 22. Qxd5+ Ke8 23. e6 Qd6 24. Qh5+ Kd8 25. Rd1 Rc8 26. Rxd6+ Bxd6 27. Qa5+ Ke7 28. Qd5 Rc1+ 29. Kf2 Rxf4+ 30. Ke2 Rc6 31. g3 Rf6 32. Qb5 Rxe6+ 33. Kf3 Rf6+ 34. Kg4 Rb6 35. Qe2+ Re6 36. Qb2 Be5 37. Qa3+ Kf7 38. Qxa7 h5+ 39. Kh3 g5 40. Qa8 g4+ 41. Kg2 Rec6 42. Qd8 Rc2+ 43. Kf1 Rf6+ 44. Kg1 Rd6 0-1


[Site "https://www.chess.com"]

[Event "Titled Tuesday Blitz November 22 Early 2022"]
[White "Zaichenko, Daria"]
[Black "Levine, David"]
[WhiteFideId "4197453"]
[BlackFideId "2011611"]
[WhiteElo "2039"]
[BlackElo "2183"]
[Result "0-1"]
[Round "06"]
[TimeControl "180+1"]
[Date "2022.11.23"]
[WhiteClock "0:01:24"]
[BlackClock "0:01:06"]

1. e4 e5 2. Nf3 Nc6 3. Bc4 Nf6 4. d3 h6 5. c3 d6 6. Bb3 g5 7. h3 Bg7 8. Nbd2 O-O 9. Nf1 Ne7 10. Ng3 c6 11. h4 g4 12. Nd2 d5 13. Qe2 a5 14. a4 Be6 15. Ndf1 dxe4 16. Bc2 exd3 17. Bxd3 Ned5 18. Bd2 Nf4 19. Bxf4 exf4 20. Ne4 Nd5 21. O-O-O Qc7 22. Ng5 hxg5 23. hxg5 Rfe8 24. Qe4 Kf8 25. Qh7 Nxc3 26. bxc3 Qe5 27. Nd2 Qxc3+ 28. Kb1 Qb2# 0-1


[Site "https://www.chess.com"]

[Event "Titled Tuesday Blitz November 22 Early 2022"]
[White "Zainullina, Nataliya"]
[Black "Jiganchine, Roman"]
[WhiteFideId "4145488"]
[BlackFideId "2603667"]
[WhiteElo "2114"]
[BlackElo "2310"]
[Result "0-1"]
[Round "06"]
[TimeControl "180+1"]
[Date "2022.11.23"]
[WhiteClock "0:00:01"]
[BlackClock "0:00:05"]

1. Nf3 d5 2. d4 Nf6 3. c4 e6 4. g3 c6 5. Bg2 Be7 6. O-O O-O 7. Nc3 Nbd7 8. Nd2 b6 9. e4 Bb7 10. e5 Ne8 11. Re1 Rc8 12. Nb3 Nb8 13. Qf3 dxc4 14. Nd2 Qxd4 15. Re4 Qd3 16. Rxc4 Qxf3 17. Bxf3 Nc7 18. Nde4 c5 19. Nd6 Bxf3 20. Nxc8 Rxc8 21. Be3 Nd5 22. Nb5 Nc6 23. Ra4 a5 24. a3 Be2 25. Nc3 Nxc3 26. bxc3 Nxe5 27. Rb1 Nd7 28. Rb2 Bd1 29. Rf4 Bg5 30. Re4 Bxe3 31. Rxe3 Nf6 32. Rd2 Ba4 33. Red3 h6 34. Rd6 b5 35. Ra6 Bb3 36. Rxa5 Bc4 37. Rd6 Nd5 38. Ra7 Rf8 39. Rc6 Nxc3 40. Rxc5 Nd5 41. a4 bxa4 42. Rxc4 a3 43. Rxa3 Nf6 44. Rc7 Nd5 45. Rb7 Nf6 46. Raa7 Nd5 47. Kg2 Nf6 48. h4 Nd5 49. Kf3 h5 50. Rb5 Nf6 51. Rg5 g6 52. Re5 Kg7 53. Rxe6 Nd5 54. Re5 Nf6 55. Ree7 Nd5 56. g4 hxg4+ 57. Kxg4 Nf6+ 58. Kg3 Nh7 59. Red7 Nf6 60. Rdc7 Nd5 61. Rcb7 Nf6 62. f4 Nh5+ 63. Kg4 Nf6+ 64. Kg5 Nh7+ 65. Kg4 Nf6+ 66. Kf3 Nh5 67. Re7 Nf6 68. f5 gxf5 69. Kf4 Nd5+ 70. Kxf5 Nxe7+ 71. Rxe7 Rh8 72. Kg5 Rh7 73. h5 Kf8 74. Re4 Kg7 75. Rf4 f6+ 76. Kg4 Kf7 77. Rf5 Kg7 78. Ra5 Kh6 79. Ra6 Rf7 80. Ra5 f5+ 81. Kh4 f4 0-1


[Site "https://www.chess.com"]